AoeStats
← Joaking

Socotra

505566211Analyzed
4v4 RM · 22d ago on Sep 10, 2026· 27m 10s· 8 players
Game mode
Random Map
Map size
148×148
Population
200
Speed
Normal
Resources
Standard
Victory
Conquest
Starting age
Dark Age
Ending age
Imperial Age
RankedLock teamsTeams togetherTeam positionsShared explorationLock speedFull tech treeHidden civsTurbo modeCheats
Victory
Defeat
🇧🇷 Persians · Brazil
1163
+11
🇦🇷 Sicilians · Argentina
1087
+14
🇦🇷 Mapuche · Argentina
1078
+14
🇨🇱 Portuguese · Chile
1021
+17
🇺🇸 Byzantines · United States
1170
-19
🇹🇷 Saracens · Türkiye
1016
-13
🇨🇳 Koreans · China
997
-12
🇨🇱 Turks · Chile
996
-12
Savage Dsrt
0:47 Loom
12:20 Feudal Age
15:57 Double-Bit Axe
15:53 Horse Collar
18:11 Fletching
18:25 Town Watch
21:55 Gold Mining
22:18 Padded Archer Armor
25:01 Castle Age
23:39 Scale Mail Armor
24:34 Gold Mining
25:49 Bodkin Arrow
26:46 Leather Archer Armor
27:02 Crossbowman
Joaking
6:30 Loom
15:27 Feudal Age
18:31 Wheelbarrow
21:46 Castle Age
24:26 Fletching
gutierrezpa4
8:58 Loom
11:17 Feudal Age
16:49 Castle Age
15:58 Double-Bit Axe
23:48 Wheelbarrow
23:17 Horse Collar
24:55 Forging
24:54 Padded Archer Armor
27:33 Hand Cart
Heldblaser
6:07 Loom
9:06 Feudal Age
9:45 Double-Bit Axe
10:04 Horse Collar
14:39 Wheelbarrow
20:07 Castle Age
20:00 Bloodlines
21:00 Gold Mining
23:19 Bow Saw
24:03 Scale Barding Armor
26:42 Husbandry
27:27 Chain Barding Armor
tarleton25
6:51 Loom
11:03 Feudal Age
16:38 Wheelbarrow
17:13 Fletching
20:36 Scale Mail Armor
25:07 Castle Age
23:27 Gold Mining
24:09 Double-Bit Axe
25:17 Padded Archer Armor
fbaha
0:34 Loom
12:34 Feudal Age
13:04 Double-Bit Axe
13:01 Horse Collar
17:22 Wheelbarrow
19:51 Scale Barding Armor
19:47 Scale Mail Armor
22:18 Castle Age
23:16 Bow Saw
23:07 Heavy Plow
23:48 Husbandry
23:56 Gold Mining
23:57 Stone Mining
26:57 Hand Cart
yitxdiku
0:38 Loom
11:47 Feudal Age
16:16 Horse Collar
20:48 Double-Bit Axe
gitPushOriginMaster
7:42 Loom
10:50 Feudal Age
10:52 Man-at-Arms
11:39 Arson
20:37 Castle Age
20:33 Double-Bit Axe
20:38 Long Swordsman
22:20 Forging
Connection lost

Rejoining the realm…

Still unreachable

The connection could not be restored.

Session expired

The server has moved on; the page needs a fresh start.